 Dungeon Crawl Stone Soup version 0.27-a0-861-g9529aa9bf3 (webtiles) character file.

Game seed: 15575983236642926626

136165 Essalna the Earth Mage (level 17, -9/113 HPs)
             Began as a Gargoyle Earth Elementalist on Apr 2, 2021.
             Was a High Priest of Vehumet.
             Mangled by a vampire knight
             ... wielding a +0 broad axe
              (19 damage)
             ... on level 3 of the Swamp.
             The game lasted 01:37:26 (39522 turns).

Essalna the Earth Mage (GrEE)                      Turns: 39522, Time: 01:37:26

Health: -9/113     AC: 27    Str: 13    XL:     17   Next: 21%
Magic:  0/43       EV: 21    Int: 32    God:    Vehumet [*****.]
Gold:   1774       SH:  5    Dex: 23    Spells: 34/43 levels left

rFire    . . .     SeeInvis .   x - +2 rapier (elec)
rCold    . . .     Faith    .   B - +0 buckler
rNeg     + + .     Spirit   +   Z - +1 troll leather armour "Tudghyu" {*Slow rN+ Regen+ Int+3 Dex+7}
rPois    ∞         Reflect  .   (no helmet)
rElec    +         Harm     .   l - +2 cloak {rPois}
rCorr    .         Rampage  .   m - +1 pair of gloves
Will     +....                  P - +2 pair of boots
Stlth    ++........             O - amulet of Curiosity {Spirit MP+9 Int+7 Slay-2}
HPRegen  1.28/turn              a - +6 ring of dexterity
MPRegen  0.28/turn              h - +4 ring of slaying

@: flying
A: AC +12, big wings, negative energy resistance 1, electricity resistance,
torment resistance 1, unbreathing 1, petrification resistance
a: Renounce Religion


You were on level 3 of the Swamp.
You worshipped Vehumet.
Vehumet was extremely pleased with you.
You visited 6 branches of the dungeon, and saw 28 of its levels.
You also visited: Bailey and Gauntlet.

You collected 2977 gold pieces.
You spent 1203 gold pieces at shops.

Inventory:

Hand Weapons
 f - a +6 long sword of holy wrath
 x - a +2 rapier of electrocution (weapon)
 H - a +1 whip of electrocution
Missiles
 b - 557 stones
Armour
 i - the +0 leather armour "Jegemus" {+Inv rF+ Str+2}
   (You found it on level 11 of the Dungeon)

   It affects your strength (+2).
   It protects you from fire.
   It lets you turn invisible.
 l - a +2 cloak of poison resistance (worn)
 m - a +1 pair of gloves (worn)
 y - a +1 robe of fire resistance
 B - a +0 buckler (worn)
 P - a +2 pair of boots (worn)
 S - a +1 robe of cold resistance
 Z - the +1 troll leather armour "Tudghyu" (worn) {*Slow rN+ Regen+ Int+3 Dex+7}
   (You found it on level 6 of the Lair of Beasts)

   It affects your intelligence (+3).
   It affects your dexterity (+7).
   It protects you from negative energy.
   It increases your rate of health regeneration.
   It may slow you when you take damage.
Jewellery
 a - a +6 ring of dexterity (left hand)
 c - a ring of positive energy
 g - a ring of resist corrosion
 h - a +4 ring of slaying (right hand)
 n - a ring of protection from cold
 s - a ring of willpower
 C - a ring of protection from fire
 I - an amulet of regeneration
 J - a ring of protection from fire
 O - the amulet of Curiosity (around neck) {Spirit MP+9 Int+7 Slay-2}
   (You acquired it on level 2 of the Orcish Mines)

   [amulet of guardian spirit]

   It causes incoming damage to be divided between your reserves of health and
   magic.
   It affects your intelligence (+7).
   It affects your accuracy and damage with ranged weapons and melee attacks
   (-2).
   It affects your magic capacity (+9).
 U - a +6 ring of intelligence
 V - a ring of positive energy
Wands
 F - a wand of mindburst (15)
 G - a wand of acid (6)
 Y - a wand of polymorph (8)
Scrolls
 o - 2 scrolls of immolation
 p - a scroll of teleportation
 u - 2 scrolls of blinking
 w - 7 scrolls of amnesia
 z - 3 scrolls of vulnerability
 A - a scroll of torment {unknown}
 K - 12 scrolls of identify
 L - 6 scrolls of enchant weapon
Potions
 d - 3 potions of resistance
 e - 3 potions of lignification
 j - 6 potions of heal wounds
 k - 3 potions of flight
 q - a potion of degeneration
 r - 4 potions of attraction {unknown}
 t - a potion of invisibility
 v - 2 potions of might {unknown}
 D - 10 potions of curing {unknown}
 E - 3 potions of mutation {unknown}
 M - a potion of ambrosia {unknown}
 N - 2 potions of haste
 Q - 2 potions of brilliance {unknown}
 X - 3 potions of cancellation {unknown}


   Skills:
 + Level 15.6 Fighting
 - Level 5.1 Armour
 + Level 12.6 Dodging
 - Level 2.1 Stealth
 + Level 2.0 Shields
 + Level 13.9 Spellcasting
 - Level 3.0 Conjurations
 - Level 1.5 Transmutations
 + Level 17.5 Earth Magic


You had 34 spell levels left.
You knew the following spells:

 Your Spells              Type           Power      Damage    Failure   Level
a - Sandblast             Erth           100%       2d20      0%          1
b - Stone Arrow           Conj/Erth      100%       3d13      1%          3
c - Lee's Rapid Deconstr  Erth           47%        3d23*     1%          5

Your spell library contained the following spells:

 Spells                   Type           Power      Damage    Failure   Level
 Irradiate                Conj/Tmut      18%        3d20      11%         5
 Beastly Appendage        Tmut           64%        N/A       1%          1
 Foxfire                  Conj/Fire      100%       2x1d9     1%          1
 Freeze                   Ice            88%        1d10      1%          1
 Magic Dart               Conj           100%       1d8       1%          1
 Passwall                 Tmut/Erth      58%        N/A       1%          2
 Searing Ray              Conj           82%        3d6       1%          2
 Conjure Flame            Conj/Fire      31%        6-21      1%          3
 Dazzling Flash           Conj/Hex       62%        N/A       1%          3
 Mephitic Cloud           Conj/Pois/Air  28%        N/A       1%          3
 Animate Armour           Summ/Erth      100%       N/A       1%          4
 Leda's Liquefaction      Hex/Erth       34%        N/A       1%          4
 Petrify                  Tmut/Erth      70%        N/A       1%          4
 Bolt of Magma            Conj/Fire/Erth 30%        4d14      1%          5
 Wereblood                Tmut           32%        N/A       2%          2
 Frozen Ramparts          Ice            44%        1d6       2%          3
 Inner Flame              Hex/Fire       22%        N/A       2%          3
 Borgnjor's Vile Clutch   Necr/Erth      34%        N/A       2%          5
 Iron Shot                Conj/Erth      36%        9d7       2%          6
 Corona                   Hex            24%        N/A       3%          1
 Summon Small Mammal      Summ           88%        N/A       3%          1
 Call Imp                 Summ           22%        N/A       4%          2
 Ensorcelled Hibernation  Hex/Ice        44%        N/A       4%          2
 Poisonous Vapours        Pois/Air       44%        N/A       4%          2
 Slow                     Hex            22%        N/A       4%          2
 Fulminant Prism          Conj/Hex       15%        3d11      5%          4
 Hailstorm                Conj/Ice       31%        3d8       5%          4
 Iskenderun's Mystic Bla  Conj/Tloc      31%        2d8       5%          4
 Sticky Flame             Conj/Fire      31%        2d5       5%          4
 Spider Form              Tmut/Pois      13%        N/A       8%          3
 Call Canine Familiar     Summ           22%        N/A       10%         3
 Confusing Touch          Hex            22%        N/A       10%         3
 Gell's Gravitas          Tloc           11%        N/A       10%         3
 Ozocubu's Armour         Ice            22%        N/A       10%         3
 Portal Projectile        Hex/Tloc       44%        N/A       10%         3
 Summon Guardian Golem    Hex/Summ       22%        N/A       10%         3
 Tukima's Dance           Hex            22%        N/A       10%         3
 Fireball                 Conj/Fire      15%        3d8       13%         5
 Yara's Violent Unravell  Hex/Tmut       13%        3d7       17%         5
 Ice Form                 Ice/Tmut       27%        N/A       24%         4
 Cause Fear               Hex            11%        N/A       32%         4
 Summon Ice Beast         Ice/Summ       22%        N/A       32%         4
 Summon Lightning Spire   Summ/Air       22%        N/A       32%         4
 Hydra Form               Tmut           16%        N/A       43%         5
 Shatter                  Erth           47%        3d36*     50%         9
 Freezing Cloud           Conj/Ice/Air   14%        6-21      61%         6
 Metabolic Englaciation   Hex/Ice        11%        N/A       67%         5
 Silence                  Hex/Air        11%        N/A       67%         5
 Shadow Creatures         Summ           N/A        N/A       99%         6
 Statue Form              Tmut/Erth      Unusable   N/A       N/A         6

Dungeon Overview and Level Annotations

Branches:
Dungeon (14/15)            Temple (1/1) D:5            Lair (6/6) D:8
  Swamp (4/4) Lair:4        Snake (0/4) Lair:4        Slime (0/5) Lair:5
    Orc (2/2) D:9             Elf (1/3) Orc:2        Vaults (0/5) D:14
 Bailey (visited)         Gauntlet (visited)

Altars:
Ashenzari
Cheibriados
Dithmenos
Elyvilon
Fedhas
Gozag
Hepliaklqana
Kikubaaqudgha
Makhleb
Nemelex Xobeh
Okawaru
Qazlal
Ru
Sif Muna
Trog
Uskayaw
Vehumet
Wu Jian
Xom
Yredelemnul
Zin
The Shining One
Beogh

Shops:
D:2 *   D:10 *   D:14 [   Orc:1 *   Orc:2 [(?[

Portals:
Desolation: Elf:1

Annotations:
Lair:3 exclusion: oklob plant
Swamp:4 Mara
Elf:1 Asterion


Innate Abilities, Weirdness & Mutations

Your stone body is resilient. (AC +12)
You are immune to poison.
Your large and strong wings let you fly.
You resist negative energy. (rN+)
You are resistant to electric shocks. (rElec)
You are resistant to unholy torment.
You can survive without breathing.
You are immune to petrification.


Message History

You hear a splashing noise.
Something hits you!
* * * LOW HITPOINT WARNING * * *
Something bites you but does no damage.
You hit something. Something hits you!
* * * LOW HITPOINT WARNING * * *
Something closely misses you.
You hear a splashing noise. x2
You feel much better. You block something's attack.
Something bites you but does no damage.
You hit something but do no damage. Lightning courses through something!
Something hits you.
* * * LOW HITPOINT WARNING * * *
You hear a splashing noise.
Something hits you but does no damage. Something bites you but does no damage.
Items here: )) [[[.
Something hits you but does no damage. Something closely misses you.
There is a strange disturbance nearby!
There is a strange disturbance nearby!
Casting: Stone Arrow (safe; 1% risk of failure)
Confirm with . or Enter, or press ? or * to list all spells.
You can't see any susceptible monsters within range! (Use Z to cast anyway.)
Casting: Stone Arrow (safe; 1% risk of failure)
Confirm with . or Enter, or press ? or * to list all spells.
Aiming: Stone Arrow (safe; 1% risk of failure)
Press: ? - help, Shift-Dir - straight line The stone arrow hits something!
Something hits you!
* * * LOW HITPOINT WARNING * * *
Something closely misses you. Something hits you!
* * * LOW HITPOINT WARNING * * *
Something bites you but does no damage. Something hits you but does no damage.
Keep disrobing?
Something bites you but does no damage.
You start removing your amulet.
You continue taking off the amulet of Curiosity {Spirit MP+9 Int+7 Slay-2}.
Something hits you!
* * * LOW HITPOINT WARNING * * *
Something bites you but does no damage. Something hits you!!
You die...

..≈≈≈♣♣♣♣≈..≈♣♣♣≈..≈..♣..≈[).♣≈.≈
..≈≈.≈♣≈≈.........≈§≈.≈♣≈..≈≈..≈≈
.≈≈≈..♣≈♣≈.≈≈≈≈.≈≈≈≈≈≈≈♣♣...≈≈...
♣(..≈.♣♣♣♣♣.≈≈≈≈≈≈≈≈≈§.≈≈≈♣≈≈≈...
≈..≈≈..♣ ♣≈≈≈≈.≈≈.>≈≈≈≈.≈≈.≈≈..♣
≈♣.≈≈≈.♣♣ ♣§≈≈≈.....≈≈≈≈≈......≈.
♣≈.≈≈≈≈§♣ ♣.≈≈≈≈≈...≈≈≈≈.≈≈.≈....
♣≈.§≈≈≈.♣ ♣.≈≈≈{≈.≈.≈≈≈≈..≈.♣♣♣..
♣♣.≈§≈≈.♣♣♣§≈§≈.@.≈.≈≈≈≈...♣♣ ♣♣≈
≈♣.≈≈≈≈.≈♣♣≈.....≈≈≈[≈≈≈≈.§♣ ♣♣
.[.≈....≈.♣♣♣≈...≈♣>.≈≈≈≈≈.♣♣ ♣
≈.♣♣♣....♣♣♣≈..≈..[..≈≈≈§≈.≈♣ ♣♣♣
.≈.♣♣♣♣♣♣♣♣.≈≈.♣.≈.≈≈≈≈≈≈≈.♣♣ ♣..
.≈..≈..♣.≈♣.≈≈≈♣§.≈≈≈≈≈≈≈≈.♣ ♣≈≈
≈≈≈....≈..♣♣...♣≈(≈.≈≈≈≈≈≈.♣♣ ♣≈.
≈.≈≈≈....♣♣♣...≈.≈.....≈≈≈≈≈♣♣♣≈≈
..≈≈≈≈...♣ ♣♣♣♣.≈≈≈....≈≈≈≈..≈...


There were no monsters in sight!

Vanquished Creatures
  Nikola (Swamp:3)
  2 tentacled monstrosities
  Frances (Swamp:1)
  An orc warlord (Orc:2)
  Nessos (D:14)
  An entropy weaver (Gauntlet)
  3 dire elephants (Lair:6)
  3 bunyips
  Snorg (D:10)
  8 eleionomae
  A deep elf death mage (Elf:1)
  Josephine (D:10)
  A shambling mangrove (Swamp:2)
  Fannar (Lair:2)
  15 hydras
  4 boulder beetles
  2 ghost crabs (Swamp:3)
  An anaconda (Lair:6)
  2 death knights
  3 centaur warriors
  10 alligators
  2 catoblepae (Lair:4)
  4 two-headed ogres
  A dancing weapon (Orc:1)
  Urug (D:14)
  4 orc high priests (Orc:2)
  3 death yaks (Gauntlet)
  The ghost of Jano the Spear-Bearer, a novice DsAr of Hepliaklqana (Orc:1)
  Sonja (D:10)
  The ghost of dricus the Zephyrmancer, a novice DgAE (D:7)
  A skeletal warrior (D:10)
  4 goliath frogs
  7 swamp dragons
  3 spriggan druids
  2 bog bodies
  A necromancer (Gauntlet)
  Pikel (D:7)
  5 deep elf pyromancers (Elf:1)
  An orc knight (Bailey)
  A wolf spider (Gauntlet)
  2 ugly things
  6 deep elf zephyrmancers (Elf:1)
  2 orc sorcerers
  5 will-o-the-wisps
  2 cyclopes
  3 manticores
  13 elephants
  A centaur zombie (D:10)
  A black mamba (shapeshifter) (D:13)
  A gargoyle (D:12)
  A torpor snail (Lair:6)
  10 cane toads
  4 black mambas
  Maggie (D:9)
  2 freezing wraiths
  2 rime drakes
  3 komodo dragons
  4 kobold demonologists
  4 trolls
  A jumping spider (Gauntlet)
  6 meliai (D:13)
  8 hornets
  A polar bear (Lair:1)
  A raiju (shapeshifter) (D:14)
  5 tyrant leeches
  4 bloated husks
  4 blink frogs (Lair:2)
  4 slime creatures (D:12)
  2 dream sheep (Lair:6)
  5 flying skulls (Gauntlet)
  Sigmund (D:6)
  2 shadows
  7 wraiths
  5 spriggans
  52 yaks
  7 wyverns
  4 basilisks
  14 humans (D:14)
  Eustachio (D:6)
  13 vampire mosquitoes
  Menkaure (D:7)
  5 nagas (Lair:4)
  2 wargs
  16 swamp worms
  20 water moccasins
  An acid dragon (D:13)
  A hydra simulacrum (Swamp:4)
  7 swamp drakes
  45 orc warriors
  A necrophage (D:5)
  3 black bears
  A swamp dragon zombie (Swamp:4)
  7 wolves
  9 ogres
  7 centaurs
  4 phantoms
  2 lemures (D:7)
  10 bullfrogs
  2 gnoll sergeants (D:8)
  A scorpion (D:6)
  An earth elemental (Elf:1)
  A water moccasin zombie (D:5)
  A water moccasin skeleton (D:4)
  9 killer bees
  4 wights
  A howler monkey (D:8)
  15 jellies
  Crazy Yiuf (D:2)
  A bullfrog zombie (D:5)
  2 hounds
  12 orc priests
  A centaur skeleton (D:7)
  5 gnoll shamans (D:12)
  A bullfrog skeleton (D:7)
  An iguana (D:3)
  31 orc wizards
  6 hell rats (Lair:6)
  A hound zombie (D:5)
  A howler monkey zombie (D:5)
  A howler monkey skeleton (D:5)
  12 adders
  13 gnolls
  A shadow imp (D:5)
  A white imp (D:8)
  An ufetubus (D:5)
  A dart slug (D:2)
  90 orcs
  6 endoplasms
  A giant cockroach (D:4)
  5 hobgoblins
  5 jackals
  7 kobolds
  2 quokkas (D:2)
  9 ball pythons
  6 bats
  2 frilled lizards
  9 goblins
  5 rats
738 creatures vanquished.

Vanquished Creatures (others)
  A deep elf knight (Elf:1)
  A deep troll (D:14)
  2 bloated husks
  2 humans (D:14)
  3 swamp drakes (Swamp:1)
  An orc (Orc:2)
  18 foxfires
  49 fungi
  121 plants
  2 withered plants (D:7)
200 creatures vanquished.

Grand Total: 938 creatures vanquished

Notes
Turn   | Place    | Note
-------+----------+-------------------------------------------
     0 | D:1      | Essalna the Gargoyle Earth Elementalist began the quest for
                  | the Orb.
     0 | D:1      | Reached XP level 1. HP: 10/10 MP: 3/3
    27 | D:1      | Found a faded altar of an unknown god.
   204 | D:1      | Reached skill level 1 in Transmutations
   343 | D:1      | Reached XP level 2. HP: 15/15 MP: 3/5
   576 | D:1      | Reached skill level 4 in Earth Magic
  1221 | D:2      | Reached XP level 3. HP: 19/19 MP: 1/6
  1225 | D:2      | Learned a level 3 spell: Stone Arrow
  1421 | D:2      | Found a runed translucent door.
  1422 | D:2      | Noticed Crazy Yiuf
  1437 | D:2      | Killed Crazy Yiuf
  1438 | D:2      | Reached skill level 1 in Conjurations
  1438 | D:2      | Reached XP level 4. HP: 14/24 MP: 0/8
  1750 | D:2      | Found Emixiaddoo's General Store.
  2488 | D:3      | Reached XP level 5. HP: 7/28 MP: 2/9
  2746 | D:3      | Reached skill level 5 in Earth Magic
  3481 | D:4      | Reached XP level 6. HP: 28/32 MP: 11/11
  3967 | D:4      | Reached skill level 1 in Fighting
  3967 | D:4      | Reached skill level 1 in Armour
  3967 | D:4      | Reached skill level 6 in Earth Magic
  3967 | D:4      | Reached XP level 7. HP: 16/38 MP: 7/13
  4188 | D:4      | Found a sparkling altar of Nemelex Xobeh.
  4366 | D:4      | Found a glowing golden altar of the Shining One.
  4575 | D:5      | Entered Level 5 of the Dungeon
  4809 | D:5      | Found a hazy altar of Hepliaklqana.
  4812 | D:5      | Found an ancient bone altar of Kikubaaqudgha.
  4817 | D:5      | Found a broken altar of Ashenzari.
  4867 | D:5      | Found a staircase to the Ecumenical Temple.
  4906 | Temple   | Entered the Ecumenical Temple
  5574 | D:5      | Reached XP level 8. HP: 26/45 MP: 14/14
  5938 | D:6      | Noticed Eustachio
  5944 | D:6      | Killed Eustachio
  6208 | D:6      | Reached skill level 7 in Earth Magic
  6315 | D:6      | Reached skill level 5 in Spellcasting
  7105 | D:6      | Noticed Sigmund
  7111 | D:6      | Killed Sigmund
  7191 | D:6      | Found a radiant altar of Vehumet.
  7206 | D:6      | Became a worshipper of Vehumet
  7525 | D:7      | Learned a level 5 spell: Lee's Rapid Deconstruction
  7567 | D:7      | Noticed Menkaure
  7569 | D:7      | Killed Menkaure
  7570 | D:7      | Reached XP level 9. HP: 52/52 MP: 9/17
  7865 | D:7      | Noticed Pikel
  7875 | D:7      | Killed Pikel
  7876 | D:7      | Reached skill level 8 in Earth Magic
  8057 | D:7      | Found a glowing silver altar of Zin.
  8076 | D:7      | Reached skill level 5 in Fighting
  8076 | D:7      | Reached skill level 5 in Armour
  8541 | D:7      | Found a runed translucent door.
  8541 | D:7      | Noticed dricus's ghost (novice DgAE)
  8700 | D:7      | Found a blossoming altar of Fedhas.
  8778 | D:7      | Killed dricus's ghost
  8955 | D:8      | Noticed a hornet
  8979 | D:8      | Killed a hornet
  8980 | D:8      | Reached skill level 5 in Dodging
  8980 | D:8      | Reached skill level 9 in Earth Magic
  8980 | D:8      | Reached XP level 10. HP: 9/60 MP: 1/19
  9522 | D:8      | Noticed a cyclops
  9522 | D:8      | Noticed a kobold demonologist
  9813 | D:8      | Reached * piety under Vehumet
  9813 | D:8      | Offered knowledge of Freeze by Vehumet.
 10254 | D:8      | Killed a cyclops
 10426 | D:8      | Found a staircase to the Lair.
 10494 | D:8      | Noticed a sun demon
 10495 | D:8      | Killed a kobold demonologist
 11017 | D:8      | Noticed a red ugly thing
 11017 | D:8      | Noticed a centaur warrior
 11017 | D:8      | Noticed a manticore
 11025 | D:8      | Killed a manticore
 11026 | D:8      | Reached skill level 10 in Earth Magic
 11165 | D:8      | Noticed a centaur warrior
 11173 | D:8      | Killed a centaur warrior
 11174 | D:8      | Reached XP level 11. HP: 42/68 MP: 9/22
 11246 | D:8      | Killed a red ugly thing
 11436 | D:8      | Killed a centaur warrior
 11650 | Lair:1   | Entered Level 1 of the Lair of Beasts
 12308 | Lair:2   | Reached skill level 11 in Earth Magic
 12652 | Lair:2   | Noticed Fannar
 12670 | Lair:2   | Noticed a four-headed hydra
 12795 | Lair:1   | Reached ** piety under Vehumet
 12795 | Lair:1   | Offered knowledge of Shock by Vehumet.
 13091 | Lair:1   | Reached XP level 12. HP: 76/76 MP: 11/24
 14052 | Lair:2   | Killed Fannar
 14053 | Lair:2   | Reached skill level 12 in Earth Magic
 14277 | Lair:3   | Offered knowledge of Frozen Ramparts by Vehumet.
 14280 | Lair:3   | Reached skill level 10 in Fighting
 15309 | Lair:4   | Noticed a four-headed hydra
 15321 | Lair:4   | Killed a four-headed hydra
 15421 | Lair:4   | Reached *** piety under Vehumet
 15845 | Lair:4   | Noticed a catoblepas
 15861 | Lair:4   | Killed a catoblepas
 16066 | Lair:4   | Identified the +9 halberd "Asosutug" {venom, rPois Dex-2
                  | SInv}
 16127 | Lair:4   | Reached skill level 10 in Spellcasting
 16174 | Lair:4   | Reached XP level 13. HP: 84/84 MP: 14/27
 16180 | Lair:4   | Offered knowledge of Olgreb's Toxic Radiance by Vehumet.
 16456 | Lair:4   | Found a staircase to the Snake Pit.
 16477 | Lair:4   | Reached skill level 13 in Earth Magic
 17416 | Lair:4   | Found a staircase to the Swamp.
 18045 | Lair:5   | Found a staircase to the Slime Pits.
 18120 | Lair:5   | Reached **** piety under Vehumet
 18784 | Lair:6   | Entered Level 6 of the Lair of Beasts
 18945 | Lair:6   | Offered knowledge of Bolt of Magma by Vehumet.
 20318 | Lair:6   | Noticed a dire elephant
 20318 | Lair:6   | Noticed a dire elephant
 20541 | Lair:6   | Noticed a dire elephant
 20625 | Lair:6   | Noticed a dire elephant
 20693 | Lair:6   | Killed a dire elephant
 20694 | Lair:6   | Reached skill level 14 in Earth Magic
 20866 | Lair:6   | Identified the +1 troll leather armour "Tudghyu" {*Slow rN+
                  | Regen+ Int+3 Dex+7}
 21162 | Lair:6   | Noticed a dire elephant
 21171 | Lair:6   | Killed a dire elephant
 21172 | Lair:6   | Gained mutation: Your large and strong wings let you fly.
                  | [Gargoyle growth]
 21172 | Lair:6   | Reached XP level 14. HP: 74/92 MP: 15/29
 21209 | Lair:6   | Killed a dire elephant
 21695 | D:9      | Noticed Maggie
 21702 | D:9      | Killed Maggie
 22033 | D:9      | Reached skill level 10 in Dodging
 22118 | D:9      | Found a staircase to the Orcish Mines.
 22398 | D:10     | Entered Level 10 of the Dungeon
 22563 | D:10     | Found a flagged portal.
 22570 | Bailey   | Entered a bailey
 23002 | Bailey   | Identified the +2 ring mail of the Fiddle {rN+ rCorr Dex+4}
 23095 | D:10     | Noticed Josephine
 23099 | D:10     | Killed Josephine
 23247 | D:10     | Reached ***** piety under Vehumet
 23266 | D:10     | Offered knowledge of Iskenderun's Mystic Blast by Vehumet.
 23376 | D:10     | Noticed Sonja
 23377 | D:10     | Killed Sonja
 23954 | D:10     | Found Vawkemur's Assorted Antiques.
 23960 | D:10     | Bought a papyrus book for 570 gold pieces
 24066 | D:11     | Noticed Snorg
 24075 | D:10     | Killed Snorg
 24879 | D:11     | Identified the +0 leather armour "Jegemus" {+Inv rF+ Str+2}
 24903 | D:11     | Identified the +0 chain mail "Hybig" {rElec Will+}
 26092 | D:12     | Reached skill level 15 in Earth Magic
 26167 | D:12     | You are sucked into a shaft and drop 2 floors!
 26602 | D:14     | Found Soeh's Antique Armour Emporium.
 26610 | D:14     | Bought an ancient helmet for 256 gold pieces
 26610 | D:14     | Identified the -4 helmet of Unambiguity {rCorr Dex+7} (You
                  | bought it in a shop on level 14 of the Dungeon)
 26610 | D:14     | Bought a faintly humming robe for 153 gold pieces
 26610 | D:14     | Identified the +2 robe of Hepliaklqana's Delight {Harm
                  | *Slow Str+4 Int+6} (You bought it in a shop on level 14 of
                  | the Dungeon)
 27116 | D:14     | Noticed Nessos
 27116 | D:14     | Noticed Urug
 27127 | D:14     | Killed Nessos
 27154 | D:14     | Killed Urug
 27182 | D:14     | Reached XP level 15. HP: 99/99 MP: 15/31
 27230 | D:14     | Found a gate to the Vaults.
 27349 | D:14     | Found a glowing silver altar of Zin.
 27349 | D:14     | Found a white marble altar of Elyvilon.
 27349 | D:14     | Found a glowing golden altar of the Shining One.
 27612 | D:13     | Found a gate leading to a gauntlet.
 27628 | D:13     | Offered knowledge of Airstrike by Vehumet.
 27641 | Gauntlet | Entered a Gauntlet
 27641 | Gauntlet | Found a transporter.
 27641 | Gauntlet | Found a transporter.
 27641 | Gauntlet | Found a runed translucent gate.
 27711 | Gauntlet | Found a runed translucent gate.
 27729 | Gauntlet | Found a transporter.
 27735 | Gauntlet | Found a runed translucent door.
 27743 | Gauntlet | Found a transporter.
 27743 | Gauntlet | Found a transporter.
 27743 | Gauntlet | Found a transporter.
 27746 | Gauntlet | Found a transporter.
 27746 | Gauntlet | Found a transporter.
 27761 | Gauntlet | Found a transporter.
 27773 | Gauntlet | Noticed a balrug
 27782 | Gauntlet | Found a transporter.
 27792 | Gauntlet | Found a transporter.
 27809 | Gauntlet | Found a transporter.
 27830 | Gauntlet | Found a transporter.
 27845 | Gauntlet | Found a transporter.
 27865 | Gauntlet | Found a runed translucent gate.
 28282 | Gauntlet | Identified the ring "Razaraep" {Ice rElec rN+ Int-3 SInv}
 28380 | Gauntlet | Identified the +0 tower shield of Nuady {Int+5}
 28403 | Gauntlet | Identified the +0 robe of Dikiamn {Int+3}
 29823 | Orc:1    | Entered Level 1 of the Orcish Mines
 30036 | Orc:2    | Entered Level 2 of the Orcish Mines
 31608 | Orc:2    | Found a staircase to the Elven Halls.
 31880 | Orc:2    | Noticed an orc warlord
 31919 | Elf:1    | Entered Level 1 of the Elven Halls
 31971 | Elf:1    | Found a radiant altar of Vehumet.
 31973 | Elf:1    | Noticed Asterion
 32021 | Elf:1    | Reached skill level 16 in Earth Magic
 32037 | Elf:1    | Found a ruined gateway.
 32055 | Elf:1    | Noticed a Hell Sentinel
 32551 | Orc:2    | Identified a scroll of acquirement
 32587 | Orc:2    | Killed an orc warlord
 32671 | Orc:2    | Found Xapoyl's Antique Armour Emporium.
 32676 | Orc:2    | Found Anudghem's Antique Weapon Shoppe.
 32686 | Orc:2    | Bought a slimy leather armour for 224 gold pieces
 32686 | Orc:2    | Identified the +1 leather armour of Cobagi Qosi {Stlth+}
                  | (You bought it in a shop on level 2 of the Orcish Mines)
 32963 | Orc:2    | Found Inoism's Armour Emporium.
 33006 | Orc:2    | Found Samn's Magic Scroll Emporium.
 33011 | Orc:2    | Acquired the amulet of Curiosity {Spirit MP+9 Int+7 Slay-2}
 33119 | Orc:1    | Found Federoik's General Store.
 33241 | Orc:1    | Found a runed translucent door.
 33241 | Orc:1    | Found a shimmering altar of Xom.
 33241 | Orc:1    | Noticed Jano's ghost (novice DsAr)
 33271 | Orc:1    | Killed Jano's ghost
 33656 | Swamp:1  | Entered Level 1 of the Swamp
 33660 | Swamp:1  | Noticed Frances
 33672 | Swamp:1  | Killed Frances
 33868 | Swamp:1  | Reached XP level 16. HP: 93/107 MP: 21/32
 34178 | Swamp:1  | Offered knowledge of Irradiate by Vehumet.
 34224 | Swamp:1  | Identified the +1 robe of the Hills {rPois rN+ Slay-6}
 34421 | Swamp:1  | Found a basalt altar of Yredelemnul.
 36352 | Swamp:3  | Noticed Nikola
 36365 | Swamp:3  | Killed Nikola
 36366 | Swamp:3  | Reached skill level 15 in Fighting
 37386 | Swamp:3  | Reached skill level 17 in Earth Magic
 37735 | Swamp:4  | Entered Level 4 of the Swamp
 38125 | Swamp:4  | Noticed Mara
 38391 | Swamp:4  | Noticed a tentacled monstrosity
 38419 | Swamp:3  | HP: 5/108 [tentacled monstrosity (2)]
 38419 | Swamp:3  | HP: 2/108 [tentacled monstrosity (3)]
 38648 | Swamp:3  | Killed a tentacled monstrosity
 38649 | Swamp:3  | Reached XP level 17. HP: 101/113 MP: 8/34
 38939 | Swamp:4  | Noticed a tentacled monstrosity
 39158 | Swamp:3  | Reached skill level 1 in Shields
 39499 | Swamp:4  | Killed a tentacled monstrosity
 39522 | Swamp:3  | Mangled by a vampire knight

Illustrated notes

Levels and vault maps discovered:
D:1:      mrwooster_arrival_arrow, layout_basic, serial_forest,
          infiniplex_forest_straight_3, infiniplex_forest_clump_diagonal,
          infiniplex_forest_end_1, infiniplex_forest_lined_room_,
          infiniplex_forest_lined_room_2, infiniplex_forest_corner_1,
          ebering_ecumenical_altar_webs
D:2:      layout_loops_ring, serial_shops, shop, minmay_pentomino_t2,
          uniq_crazy_yiuf_cottage
D:3:      layout_loops_corners, kennysheep_generic_room_14
D:4:      layout_basic, nicolae_overflow_hidden_temple,
          minmay_fractal_squares_gapless_5
D:5:      layout_loops_ring, grunt_temple_overflow_diamond,
          minmay_temple_entry_statues, serial_bayou_pond_b,
          serial_bayou_crossing
D:6:      layout_layer_cave, lemuel_round_altar, uniq_eustachio, uniq_sigmund
D:7:      layout_basic, kennysheep_mini_moat, fedhas_altar_fruit_tree,
          gammafunk_ghost_grave, uniq_menkaure, uniq_pikel
D:8:      layout_layer_cave, minmay_lair_entry_grove, minmay_shattered_shrine
D:9:      layout_basic, orc_0_dummy, chequers_serial_rivers_micro_d, uniq_maggie
D:10:     layout_loops_ring, serial_shops, nicolae_shop_trees, enter_bailey_3,
          uniq_josephine, uniq_sonja
D:11:     layout_cross, chequers_serial_rivers_micro_c, uniq_snorg
D:12:     kennysheep_seaside_town, layout_irregular_city
D:13:     layout_stronghold, gauntlet_entry_generic
D:14:     layout_loops_corners, david_vaults_3, good_gods_mini_temple,
          serial_shops, nicolae_shop_trees, minmay_splitting_lines
Temple:   dpeg_chambers_temple
Lair:1:   layout_cave_shapes, minivault_25
Lair:2:   layout_regular_city, grunt_megastairs_1, uniq_fannar
Lair:3:   layout_chaotic_city
Lair:4:   layout_regular_city, palyth_hydra_swamp_entry,
          minmay_snake_entry_guardpost_medium, uniq_urug
Lair:5:   layout_small_grid, minmay_slime_entry_jelly_boxes,
          serial_bayou_shore_b
Lair:6:   due_jungle_book, layout_loops_ring, chequers_serial_rivers_micro_c,
          uniq_nessos
Swamp:1:  layout_basic_swamp, nicolae_swamp_godswood, swamp_pool5, uniq_frances
Swamp:2:  layout_falls_marsh, evilmike_swamp_ruin_house_3
Swamp:3:  layout_basic_swamp, hangedman_swamp_ruin_wall, uniq_nikola
Swamp:4:  byrel_swamp_growth_death_and_undeath, layout_basic_swamp, uniq_mara
Orc:1:    layout_caves, serial_shops, shop, ebering_ghost_xom,
          guppyfry_library_mini
Orc:2:    grunt_orc_community_town_hall, layout_caves,
          grunt_orc_community_big_house_1, grunt_orc_community_big_house_2,
          grunt_orc_community_house_3, grunt_orc_community_house_1,
          grunt_orc_community_house_1, grunt_orc_community_house_3,
          grunt_orc_community_house_2, grunt_orc_community_house_1
Elf:1:    eino_elf_arrival_altar, layout_geoelf_octagon,
          portal_desolation_entry_twin_temple, minmay_elf_demonology,
          uniq_asterion

Skill      XL: |  1  2  3  4  5  6  7  8  9 10 11 12 13 14 15 16 17 |
---------------+----------------------------------------------------+-----
Transmutations | 1 |  1.5
Earth Magic    | 4 5 6 7 9 10 11 12 14 15 16 17 | 17.5
Conjurations   | 1 2 3 |  3.0
Spellcasting   | 3 4 5 6 7 8 10 11 12 13 | 13.9
Fighting       | 1 2 4 6 7 9 10 12 13 14 15 | 15.6
Armour         | 1 2 4 5 |  5.1
Dodging        | 2 3 5 6 7 8 9 10 11 12 | 12.6
Shields        | 2 |  2.0
Stealth        | |  2.1

Action                   |  1- 3 |  4- 6 |  7- 9 | 10-12 | 13-15 | 16-18 || total
-------------------------+-------+-------+-------+-------+-------+-------++-------
Melee: Unarmed           |    11 |       |       |       |       |       ||    11
       Dagger            |     8 |    61 |       |       |       |       ||    69
       Whip              |       |    54 |   139 |    99 |   426 |    30 ||   748
       Rapier            |       |       |       |       |       |    36 ||    36
 Cast: Sandblast         |    36 |    30 |    10 |    26 |    40 |    38 ||   180
       Stone Arrow       |       |     2 |    48 |   192 |   610 |   337 ||  1189
       Lee's Rapid Decon |       |       |     7 |    30 |    95 |     9 ||   141
Evoke: Wand              |       |       |     3 |       |    13 |       ||    16
  Use: Scroll            |       |     4 |     1 |     2 |    15 |     6 ||    28
       Potion            |       |       |     1 |       |     1 |     4 ||     6
 Stab: Sleeping          |     2 |     2 |     1 |     2 |       |       ||     7
       Distracted        |       |       |     2 |       |       |       ||     2
Armor: Robe              |     6 |    54 |    72 |    82 |       |       ||   214
       Acid dragon scale |       |       |       |    48 |    87 |       ||   135
       Troll leather arm |       |       |       |       |   305 |   306 ||   611
Dodge: Dodged            |    25 |    85 |    78 |   224 |   811 |   458 ||  1681
Block: Buckler           |       |       |       |       |       |    37 ||    37

Table legend: (Time is in decaauts)
 A = Elapsed time spent in this place.
 B = Non-inter-level travel time spent in this place.
 C = Inter-level travel time spent in this place.
 D = Time resting spent in this place.
 E = Time spent auto-exploring this place.
 F = Levels seen in this place.
 G = Mean time per level.
                   A        B        C        D        E       F      G
               +--------+--------+--------+--------+--------+-----+--------+
         Total |  39683 |  37551 |   2132 |   1411 |  30722 |  30 | 1322.8 |
       Dungeon |  18774 |  17598 |   1176 |     77 |  15346 |  14 | 1341.0 |
        Temple |    270 |    251 |     19 |      0 |    249 |   1 |  270.0 |
          Lair |   9896 |   9422 |    474 |    259 |   7842 |   6 | 1649.3 |
         Swamp |   5885 |   5581 |    304 |    753 |   3976 |   4 | 1471.2 |
  Orcish Mines |   3144 |   3011 |    133 |      0 |   2391 |   2 | 1572.0 |
   Elven Halls |    494 |    469 |     25 |    322 |      0 |   1 |  494.0 |
        Bailey |    446 |    446 |      0 |      0 |    333 |   1 |  446.0 |
      Gauntlet |    770 |    770 |      0 |      0 |    584 |   1 |  770.0 |
               +--------+--------+--------+--------+--------+-----+--------+

Top non-repeatable levels by time:
 Swamp:3: 2557 daAuts
     D:8: 2391 daAuts
  Lair:6: 2274 daAuts
  Lair:4: 1993 daAuts
     D:7: 1780 daAuts
   Orc:2: 1703 daAuts
    D:12: 1592 daAuts
    D:10: 1581 daAuts
  Lair:2: 1580 daAuts
     D:6: 1580 daAuts
  Lair:5: 1512 daAuts
    D:14: 1511 daAuts
 Swamp:1: 1510 daAuts
  Lair:3: 1508 daAuts
   Orc:1: 1440 daAuts
